 Dungeon Crawl Stone Soup version 0.27-a0-931-g5a74e75d8f (webtiles) character file.

Game seed: 7227764527360313649

9 Alarkh the Insei (level 2, 15/22 HPs)
             Began as a Demonspawn Gladiator on Apr 10, 2021.
             Got out of the dungeon alive.
             The game lasted 00:00:17 (233 turns).

Alarkh the Insei (Demonspawn Gladiator)              Turns: 233, Time: 00:00:18

Health: 15/22      AC:  3    Str: 14    XL:     2   Next: 6%
Magic:  2/2        EV: 12    Int: 15    God:
Gold:   0          SH:  0    Dex: 14    Spells: 1/1 levels left

rFire    . . .     SeeInvis .     - Unarmed
rCold    . . .     Faith    .   (no shield)
rNeg     . . .     Spirit   .   a - +0 leather armour
rPois    .         Reflect  .   (helmet restricted)
rElec    .         Harm     .   (no cloak)
rCorr    .         Rampage  .   (no gloves)
Will     .....                  (no boots)
Stlth    +.........             (no amulet)
HPRegen  0.07/turn              e - +6 ring of intelligence
MPRegen  0.08/turn              (no ring)

@: no status effects
A: antennae 1
a: no special abilities


You escaped.
You visited 1 branch of the dungeon, and saw 1 of its levels.

Inventory:

Missiles
 c - 3 throwing nets (quivered)
Armour
 a - a +0 leather armour (worn)
 b - a +0 helmet
Jewellery
 e - a +6 ring of intelligence (left hand)
Scrolls
 d - a scroll of immolation {unknown}


   Skills:
 + Level 2.2 Fighting
 - Level 1.7 Throwing
 - Level 2.6 Dodging
 * Level 3.1 Unarmed Combat


You had one spell level left.
You didn't know any spells.
Your spell library was empty.

Dungeon Overview and Level Annotations

Branches:
Dungeon (1/15)

Altars:

Shops:
D:1 :


Innate Abilities, Weirdness & Mutations

You have a pair of small antennae on your head.


Message History

A goblin is nearby!
A kobold comes into view. It is wielding a +0 dagger.
The kobold shouts!
You closely miss the goblin.
The goblin shouts!
The kobold hits you with a +0 dagger. The goblin hits you with a +0 club.
You hit the goblin.
The goblin is severely wounded.
The kobold hits you with a +0 dagger. The goblin hits you with a +0 club.
You hit the goblin.
You kill the goblin!
The kobold closely misses you.
You have reached level 2!
Your demonic ancestry asserts itself...
A pair of antennae grows on your head!
Your +0 helmet falls away!
You hit the kobold but do no damage. The kobold hits you but does no damage.
You barely miss the kobold. Your punch misses the kobold.
The kobold hits you but does no damage.
You barely miss the kobold. The kobold barely misses you.
You closely miss the kobold. The kobold hits you but does no damage.
You hit the kobold.
You kill the kobold!
No target in view!
No target in view!
No target in view!
No target in view!
No target in view!
No target in view!
No target in view!
No target in view!
No target in view!
No target in view!
No target in view!
No target in view!
No target in view!
Unknown command.
There is a staircase leading out of the dungeon here.
Are you sure you want to leave the Dungeon?
This will make you lose the game!
You have escaped!

#.# #.# #### #####.####
#..## ##))....... #.#.####
####.#....####
#######.##...###
###...##.####
.........###..(###...###...#
..#####....##.......##
#.#.### #.# #########.@.###
#.....## #.# ##.......#
###....# #.# ###...###...##
##....# #.#
##...###.###...##.....# ..#
##.#### ##.#####.###...###
### ###.####
#.....##.##...... #......##
#..####..##...### #.......#
#................ #
#.......####................


There were no monsters in sight!

Vanquished Creatures
  3 goblins (D:1)
  2 kobolds (D:1)
  2 ball pythons (D:1)
  A frilled lizard (D:1)
8 creatures vanquished.

Notes
Turn   | Place    | Note
-------+----------+-------------------------------------------
     0 | D:1      | Alarkh the Demonspawn Gladiator began the quest for the
                  | Orb.
     0 | D:1      | Reached XP level 1. HP: 16/16 MP: 1/1
   105 | D:1      | Reached skill level 3 in Unarmed Combat
   161 | D:1      | Found Fizebb's Book Boutique.
   177 | D:1      | Found a faded altar of an unknown god.
   195 | D:1      | Gained mutation: You have a pair of small antennae on your
                  | head. [demonic ancestry]
   195 | D:1      | Reached XP level 2. HP: 13/22 MP: 2/2
   233 | D:$      | Got out of the dungeon alive.

Illustrated notes

Levels and vault maps discovered:
D:1:      dpeg_arrival_simpleton_a, layout_loops_cross,
          hellmonk_ecumenical_altar_run_dry, serial_shops, shop, shop, shop,
          nicolae_shop_waterfront, shop, serial_bayou_lagoon_a

Skill      XL: |  1 |
---------------+----+-----
Unarmed Combat | 3 |  3.1
Fighting       | |  2.2
Throwing       | |  1.7
Dodging        | |  2.6

Action                   || total
-------------------------++-------
Melee: Unarmed           ||    28
Armor: Leather armour    ||    11
Dodge: Dodged            ||    17

Table legend: (Time is in decaauts)
 A = Elapsed time spent in this place.
 B = Non-inter-level travel time spent in this place.
 C = Inter-level travel time spent in this place.
 D = Time resting spent in this place.
 E = Time spent auto-exploring this place.
 F = Levels seen in this place.
 G = Mean time per level.
                   A        B        C        D        E       F      G
               +--------+--------+--------+--------+--------+-----+--------+
         Total |    231 |    199 |     32 |      0 |    159 |   1 |  231.0 |
       Dungeon |    231 |    199 |     32 |      0 |    159 |   1 |  231.0 |
               +--------+--------+--------+--------+--------+-----+--------+

Top non-repeatable levels by time:
     D:1: 231 daAuts
